 Dungeon Crawl Stone Soup version 0.27-a0-1084-g78b3836a5f (console) character file.

Game seed: 11564839890605841199

39 nht the Charlatan (level 3, -1/26 HPs)
             Began as a Demonspawn Artificer on Apr 27, 2021.
             Was a Follower of Nemelex Xobeh.
             Slain by an adder (4 damage)
             ... on level 2 of the Dungeon.
             The game lasted 00:02:04 (1418 turns).

nht the Charlatan (Demonspawn Artificer)            Turns: 1418, Time: 00:02:05

Health: -1/26      AC:  3    Str: 12    XL:     3   Next: 28%
Magic:  3/4        EV: 11    Int: 13    God:    Nemelex Xobeh [*.....]
Gold:   78         SH:  0    Dex: 13    Spells: 2/2 levels left

rFire    . . .     SeeInvis .   f - +0 hand axe
rCold    . . .     Faith    +   (no shield)
rNeg     . . .     Spirit   .   b - +0 leather armour
rPois    .         Reflect  .   (no helmet)
rElec    .         Harm     .   (no cloak)
rCorr    .         Rampage  .   (no gloves)
Will     .....                  (no boots)
Stlth    +.........             j - amulet of faith
HPRegen  0.08/turn              (no ring)
MPRegen  0.09/turn              (no ring)

@: lethally poisoned (-1 -> -4)
A: foul stench 1, sturdy frame 1
a: Renounce Religion, Draw Escape, Draw Destruction, Draw Summoning


You were on level 2 of the Dungeon.
You worshipped Nemelex Xobeh.
Nemelex Xobeh was aware of your devotion.
You visited 1 branch of the dungeon, and saw 2 of its levels.

You collected 78 gold pieces.

Inventory:

Hand Weapons
 a - a +0 club
 f - a +0 hand axe (weapon)
Missiles
 g - 11 poisoned darts
Armour
 b - a +0 leather armour (worn)
Jewellery
 j - an amulet of faith (around neck)
Wands
 d - a wand of charming (15)
Scrolls
 k - a scroll of noise {unknown}
Potions
 c - a potion of might {unknown}
 h - a potion of resistance {unknown}
 i - a potion of cancellation {unknown}
Miscellaneous
 e - a piece from Xom's chessboard (7/15) (quivered)


   Skills:
 - Level 1.0 Fighting
 - Level 1.7 Armour
 - Level 0.8 Dodging
 - Level 0.8 Stealth
 + Level 1.5 Invocations
 - Level 4.2 Evocations


You had 2 spell levels left.
You didn't know any spells.
Your spell library contained the following spells:

 Spells                   Type           Power      Damage    Failure   Level
 Corona                   Hex            0%         N/A       32%         1
 Ensorcelled Hibernation  Hex/Ice        0%         N/A       43%         2
 Confusing Touch          Hex            0%         N/A       67%         3
 Dazzling Flash           Conj/Hex       0%         N/A       67%         3
 Tukima's Dance           Hex            0%         N/A       67%         3


Dungeon Overview and Level Annotations

Branches:
Dungeon (2/15)

Altars:
Nemelex Xobeh
Xom


Innate Abilities, Weirdness & Mutations

You may rarely emit foul miasma when damaged in melee.
Your movements are slightly less encumbered by armour. (ER -2)


Message History

The ball python hisses angrily.
An adder comes into view.
You make a move on Xom's chessboard...
The endoplasm suddenly stops moving!
The helpless endoplasm fails to defend itself.
You hit the endoplasm.
The endoplasm is severely wounded.
The helpless endoplasm fails to defend itself.
You hit the endoplasm.
You kill the endoplasm!
You barely miss the ball python.
The ball python bites you but does no damage.
The ball python grabs you. The ball python constricts you.
The ball python bites you but does no damage.
The ball python constricts you.
You closely miss the ball python. The ball python barely misses you.
The ball python constricts you.
You hit the ball python.
You kill the ball python!
You closely miss the adder. The adder closely misses you.
The adder bites you but does no damage.
Your piece from Xom's chessboard (8/15) has regained one charge.
You miss the adder. The adder misses you. The adder bites you.
You are poisoned.
The adder poisons you!
You closely miss the adder.
You feel sick. The adder bites you.
You make a move on Xom's chessboard...
The adder flickers and vanishes!
Deactivating autopickup; reactivate with Ctrl-A.
You feel sick. Something bites you. Something bites you but does no damage.
You miss something.
You feel sick. Something bites you.
You closely miss something.
You feel sick.
You are no longer poisoned.
Something bites you. x2
* * * LOW HITPOINT WARNING * * *
You are lethally poisoned!
Something poisons you!
You barely miss something.
* * * LOW HITPOINT WARNING * * *
You feel sick. Something bites you.
You die...
Your body disappears without a glow.

█..███████ █.█
██..█ █.█
█████...████████
█.█
█...............
█..
█.███.█.████████
███ █.█.█ █.█.█
█ █.█.██████...█
█...@{......
█......†██.██.
███.██.█.█
█...███.. █ █.██
█.█ . █.█ .█ .
█.█ █ █ ..


There were no monsters in sight!

Vanquished Creatures
  2 worms (D:2)
  5 ball pythons
  2 bats (D:1)
  4 endoplasms
  3 giant cockroaches
  2 goblins
  4 hobgoblins (D:1)
  2 kobolds (D:1)
  2 quokkas
  A frilled lizard (D:1)
  A rat (D:1)
28 creatures vanquished.

Notes
Turn   | Place    | Note
-------+----------+-------------------------------------------
     0 | D:1      | nht the Demonspawn Artificer began the quest for the Orb.
     0 | D:1      | Reached XP level 1. HP: 15/15 MP: 1/1
    56 | D:1      | Gained mutation: Your movements are slightly less
                  | encumbered by armour. (ER -2) [demonic ancestry]
    56 | D:1      | Reached XP level 2. HP: 21/21 MP: 2/2
   247 | D:1      | Found a faded altar of an unknown god.
   253 | D:1      | Became a worshipper of Nemelex Xobeh the Trickster
   253 | D:1      | Reached * piety under Nemelex Xobeh
   621 | D:1      | Reached skill level 4 in Evocations
   786 | D:2      | Found a shimmering altar of Xom.
  1072 | D:2      | Gained mutation: You may rarely emit foul miasma when
                  | damaged in melee. [demonic ancestry]
  1072 | D:2      | Reached XP level 3. HP: 20/26 MP: 3/3
  1292 | D:2      | Reached skill level 1 in Invocations
  1418 | D:2      | Slain by an adder

Illustrated notes

Levels and vault maps discovered:
D:1:      minmay_arrival_plants_in_alcoves, layout_rooms,
          ebering_ecumenical_altar_webs
D:2:      layout_loops_ring, serial_shops, shop, basic_altar,
          minmay_tromino_v4_c

Skill      XL: |  1  2  3 |
---------------+----------+-----
Evocations     | 4 |  4.2
Invocations    | 1 |  1.5
Fighting       | |  1.0
Armour         | |  1.7
Dodging        | |  0.8
Stealth        | |  0.8

Action                   || total
-------------------------++-------
Melee: Hand axe          ||    88
Evoke: Wand              ||    15
       Piece from Xom's  ||    11
 Stab: Paralysed         ||    10
       Sleeping          ||     2
       Petrified         ||     2
Armor: Leather armour    ||    23
Dodge: Dodged            ||    36

Table legend: (Time is in decaauts)
 A = Elapsed time spent in this place.
 B = Non-inter-level travel time spent in this place.
 C = Inter-level travel time spent in this place.
 D = Time resting spent in this place.
 E = Time spent auto-exploring this place.
 F = Levels seen in this place.
 G = Mean time per level.
                   A        B        C        D        E       F      G
               +--------+--------+--------+--------+--------+-----+--------+
         Total |   1444 |   1402 |     42 |      0 |   1178 |   2 |  722.0 |
       Dungeon |   1444 |   1402 |     42 |      0 |   1178 |   2 |  722.0 |
               +--------+--------+--------+--------+--------+-----+--------+

Top non-repeatable levels by time:
     D:1: 1069 daAuts
     D:2: 374 daAuts
